 Dungeon Crawl Stone Soup version 0.29.1-2-gbd0b4ee654 (webtiles) character file.

Game seed: 755130422911713766

867 geeseburger the Ducker (level 7, 0/64 HPs)
             Began as a Yellow Draconian Berserker on Nov 4, 2022.
             Was a Priest of Trog.
             Constricted to death by an orc priest (6 damage)
             ... on level 5 of the Dungeon.
             The game lasted 00:14:28 (4907 turns).

geeseburger the Ducker (Yellow Draconian Berserker) Turns: 4907, Time: 00:14:29

Health: 0/64       AC:  9    Str: 19    XL:     7   Next: 73%
Magic:  0/7        EV: 12    Int:  7    God:    Trog [***...]
Gold:   430        SH:  0    Dex: 13    Spells: 6/6 levels left

rFire   . . .      SeeInvis .   d - +3 short sword (speed)
rCold   . . .      Faith    .   (no shield)
rNeg    . . .      Spirit   +   (body armour unavailable)
rPois   .          Reflect  .   (helmet restricted)
rElec   .          Harm     .   l - +2 cloak
rCorr   +          Rampage  .   (no gloves)
Will    ++...                   (no boots)
Stlth   +.........              p - amulet of guardian spirit
HPRegen 1.20/turn               (no ring)
MPRegen 0.10/turn               (no ring)

@: grasped by roots, strong-willed, regenerating, constricted
A: spit acid, AC +6, unfitting armour, cold-blooded, acid resistance
a: Breathe Acid, Renounce Religion, Berserk, Trog's Hand


You were on level 5 of the Dungeon.
You worshipped Trog.
Trog was most pleased with you.
You visited 1 branch of the dungeon, and saw 5 of its levels.

You collected 430 gold pieces.

Inventory:

Hand Weapons
 d - a +3 short sword of speed (weapon)
Missiles
 f - a throwing net (quivered)
Armour
 l - a +2 cloak (worn)
Jewellery
 p - an amulet of guardian spirit (around neck)
Scrolls
 g - 3 scrolls of immolation
 m - a scroll of silence
 o - a scroll of butterflies
 q - a scroll of fear
Potions
 a - a potion of resistance {unknown}
 b - 2 potions of lignification
 c - 3 potions of haste
 e - a potion of berserk rage {unknown}
 h - a potion of ambrosia
 i - a potion of cancellation {unknown}
 j - a potion of attraction {unknown}
 k - a potion of heal wounds {unknown}
 n - 7 potions of curing
 r - a potion of might {unknown}
 s - a potion of degeneration {unknown}


   Skills:
 + Level 6.4 Fighting
 - Level 3.0 Long Blades
 * Level 7.1 Dodging


You had 6 spell levels left.
You didn't know any spells.
Your spell library was empty.

Dungeon Overview and Level Annotations

Branches:
Dungeon (5/15)
 Temple: D:4-7

Altars:
Dithmenos
The Shining One


Innate Abilities, Weirdness & Mutations

You can spit globs of acid.
Your golden yellow scales are hard. (AC +6)
You cannot fit into any form of body armour.
You are cold-blooded and may be slowed by cold attacks.
You are resistant to acid. (rCorr)


Message History

You feel strong-willed.
The orc priest zaps a wand.
The roots erupt in riotous growth!
The grasping roots grab you! The grasping roots constrict you.
You escape the roots grasp.
An orc warrior comes into view. It is wielding a +0 short sword.
The orc priest zaps a wand.
The roots erupt in riotous growth!
The grasping roots grab you! The grasping roots constrict you.
The orc warrior shouts!
Items here: )) [[ ††.
You escape the roots grasp.
The orc priest zaps a wand.
The roots erupt in riotous growth!
The grasping roots grab you! The grasping roots constrict you.
You escape the roots grasp.
Found the +7 staff of the Meek {protect, meekguard} and a human corpse.
Found a roughly hewn altar of Beogh.
The orc priest closely misses you.
You hit the orc priest but do no damage.
Your tail-slap misses the orc priest.
You closely miss the orc priest. You tail-slap the orc priest.
The orc priest is moderately wounded.
The orc priest zaps a wand.
The roots erupt in riotous growth!
The grasping roots grab you!
The orc priest is unaffected.
The grasping roots constrict you.
An orc comes into view. It is wielding a +0 flail.
You hit the orc priest.
The orc priest is heavily wounded.
You barely miss the orc priest.
Your tail-slap misses the orc priest.
The orc priest is heavily wounded.
The orc priest misses you. The grasping roots constrict you.
You hit the orc priest.
The orc priest is heavily wounded.
An orc comes into view. It is wielding a +0 club.
The orc warrior hits you with a +0 short sword!
* * * LOW HITPOINT WARNING * * *
The orc priest hits you with a +0 hand axe.
* * * LOW HITPOINT WARNING * * *
The grasping roots constrict you.
You die...

##...####...#...##......
#..........#...##......
#...#..##..............
#..##..####....# ......
##.##........#
..#..###.####
.###..#.))).# ..
...##oo.o.## ..
....#8.#.#@8#
###..##.###o## #.. ##
.## .. ... .8)8 ###_# ##


You could see an orc warrior, an orc priest and 2 orcs.

Vanquished Creatures
  The ghost of diceflayer the Cutter, an amateur DsGl (D:4)
  A black bear (D:4)
  2 ogres (D:4)
  A necrophage (D:4)
  A scorpion (D:4)
  A hound (D:5)
  2 orc priests
  An iguana (D:4)
  6 adders
  3 gnolls (D:3)
  5 worms
  3 dart slugs
  22 orcs
  5 bats
  4 endoplasms
  2 giant cockroaches
  7 goblins
  13 hobgoblins
  12 jackals
  3 quokkas
  5 ball pythons
  3 frilled lizards
  7 kobolds
  8 rats
118 creatures vanquished.

Notes
Turn   | Place    | Note
-------+----------+-------------------------------------------
     0 | D:1      | geeseburger the Draconian Berserker began the quest for the
                  | Orb.
     0 | D:1      | Reached XP level 1. HP: 19/19 MP: 1/1
   262 | D:1      | Reached skill level 3 in Dodging
   308 | D:1      | Reached XP level 2. HP: 26/26 MP: 2/2
   352 | D:1      | Found a faded altar of an unknown god.
  1018 | D:1      | Reached XP level 3. HP: 31/33 MP: 3/3
  1627 | D:2      | Identified the +4 ring mail of the Sandy God {Slay+5}
  1632 | D:2      | Reached ** piety under Trog
  1646 | D:2      | Reached skill level 4 in Dodging
  1646 | D:2      | Reached XP level 4. HP: 34/40 MP: 4/4
  2593 | D:3      | Found a shadowy altar of Dithmenos.
  2643 | D:3      | Reached XP level 5. HP: 27/47 MP: 5/5
  2902 | D:3      | Found a glowing golden altar of the Shining One.
  3584 | D:4      | Reached skill level 5 in Fighting
  3584 | D:4      | Reached skill level 5 in Dodging
  3597 | D:4      | Reached *** piety under Trog
  3608 | D:4      | Reached XP level 6. HP: 43/56 MP: 6/6
  3994 | D:4      | Reached skill level 6 in Dodging
  4041 | D:4      | Your scales start taking on a golden yellow colour.
  4041 | D:4      | Reached XP level 7. HP: 62/62 MP: 7/7
  4041 | D:4      | Gained mutation: You are resistant to acid. (rCorr) [Yellow
                  | Draconian growth]
  4256 | D:4      | Found a runed translucent gate.
  4256 | D:4      | Found a runed translucent gate.
  4256 | D:4      | Found a runed translucent gate.
  4256 | D:4      | Noticed diceflayer's ghost (amateur DsGl)
  4554 | D:4      | Killed diceflayer's ghost
  4555 | D:4      | Reached skill level 7 in Dodging
  4772 | D:5      | Entered Level 5 of the Dungeon
  4902 | D:5      | Found the +7 staff of the Meek {protect, meekguard}
  4907 | D:5      | Constricted to death by an orc priest

Illustrated notes

Levels and vault maps discovered:
D:1:      co_arrival_square_in_a_square_in_a_square, layout_loops_corners,
          dreamdust_ecumenical_altar_statues
D:2:      minmay_razor_zed, layout_loops_ring, st_stairs_8, wad_orctagon
D:3:      layout_loops_cross, tso_metal_star, amcnicky_altar_gilded,
          serial_bayou_pond_b, minivault_4, minmay_stone_trees_medium
D:4:      layout_cave_pods, ebering_ghost_rock_garden,
          kennysheep_generic_room_16
D:5:      layout_cave_pools, pf_guarded_unrand_meek

Skill      XL: |  1  2  3  4  5  6  7 |
---------------+----------------------+-----
Dodging        | 3 4 5 6 7 |  7.1
Fighting       | 4 5 6 |  6.4
Long Blades    | |  3.0

Action                   |  1- 3 |  4- 6 |  7- 9 || total
-------------------------+-------+-------+-------++-------
Melee: Falchion          |    22 |       |       ||    22
       Tailslap          |    18 |    41 |    14 ||    73
       Short sword       |   119 |   282 |   112 ||   513
Invok: Trog's Hand       |       |     1 |     2 ||     3
  Use: Scroll            |     7 |     6 |     3 ||    16
 Stab: Sleeping          |       |     2 |       ||     2
Armor: Skin              |    27 |    57 |    19 ||   103
Dodge: Dodged            |    74 |   130 |    65 ||   269
